 Dungeon Crawl Stone Soup version 0.29.1-12-g30fa7ad0bf (webtiles) character file.

Game seed: 5400875251631148338

91 Radix the Digger (level 4, -8/24 HPs)
             Began as a Gargoyle Earth Elementalist on Dec 13, 2022.
             Killed by divine providence
             ... invoked by an orc priest
              (11 damage)
             ... on level 3 of the Dungeon.
             The game lasted 00:16:49 (2175 turns).

Radix the Digger (Gargoyle Earth Elementalist)      Turns: 2175, Time: 00:16:50

Health: -8/24      AC:  5    Str: 11    XL:     4   Next: 57%
Magic:  4/9        EV: 11    Int: 18    God:
Gold:   47         SH:  0    Dex: 10    Spells: 5/9 levels left

rFire   . . .      SeeInvis .   i - +1 dagger (venom)
rCold   . . .      Faith    .   (no shield)
rNeg    + . .      Spirit   .   a - +0 robe
rPois   ∞          Reflect  .   (no helmet)
rElec   +          Harm     .   (no cloak)
rCorr   .          Rampage  .   (no gloves)
Will    .....                   (no boots)
Stlth   ++........              (no amulet)
HPRegen 0.08/turn               (no ring)
MPRegen 0.11/turn               (no ring)

@: about to teleport
A: sickness immunity, AC +3, negative energy resistance 1, electricity
resistance, torment resistance 1, petrification resistance
a: no special abilities


You were on level 3 of the Dungeon.
You visited 1 branch of the dungeon, and saw 3 of its levels.

You collected 97 gold pieces.
You spent 50 gold pieces at shops.

Inventory:

Hand Weapons
 i - a +1 dagger of venom (weapon)
Armour
 a - a +0 robe (worn)
 d - a +0 kite shield
Magical Staves
 f - a staff of poison
Scrolls
 k - 3 scrolls of teleportation
 l - 2 scrolls of immolation
 m - a scroll of blinking {unknown}
 o - a scroll of noise {unknown}
Potions
 b - a potion of magic
 c - a potion of degeneration {unknown}
 e - a potion of invisibility {unknown}
 g - a potion of brilliance {unknown}
 h - 2 potions of attraction
 j - a potion of resistance {unknown}
 n - 3 potions of curing {unknown}
 p - 2 potions of flight {unknown}


   Skills:
 - Level 1.5 Dodging
 - Level 2.1 Stealth
 + Level 3.3 Spellcasting
 - Level 0.7 Transmutations
 + Level 5.1 Earth Magic


You had 5 spell levels left.
You knew the following spells:

 Your Spells              Type           Power      Damage    Failure   Level
a - Sandblast             Erth           42%        2d11      1%          1
b - Stone Arrow           Conj/Erth      24%        3d8       17%         3

Your spell library contained the following spells:

 Spells                   Type           Power      Damage    Failure   Level
 Passwall                 Tmut/Erth      10%        N/A       7%          2
 Apportation              Tloc           6%         N/A       16%         1
 Magic Dart               Conj           12%        1d3       16%         1
 Necrotise                Necr           12%        1d4       16%         1
 Summon Small Mammal      Summ           12%        N/A       16%         1
 Call Imp                 Summ           3%         N/A       24%         2
 Mephitic Cloud           Conj/Pois/Air  3%         N/A       43%         3
 Petrify                  Tmut/Erth      13%        N/A       43%         4


Dungeon Overview and Level Annotations

Branches:
Dungeon (3/15)

Altars:

Shops:
D:2 ?*[(


Innate Abilities, Weirdness & Mutations

You are immune to sickness and miasma.
Your stone body is resilient. (AC +3)
You are immune to poison.
You resist negative energy. (rN+)
You are resistant to electric shocks. (rElec)
You are resistant to unholy torment.
You are immune to petrification.


Message History

The orc shouts!
You hear a shout!
The orc shouts!
An orc is nearby!
Casting: Sandblast (safe; 1% risk of failure)
Confirm with . or Enter, or press ? or * to list all spells.
Aiming: Sandblast (safe; 1% risk of failure)
Press: ? - help, Shift-Dir - straight line, f - orc
Aim: an orc, wielding a +0 short sword (83% to hit)
The blast of sand hits the orc!
You kill the orc!
Casting: Sandblast (safe; 1% risk of failure)
Confirm with . or Enter, or press ? or * to list all spells.
Aiming: Sandblast (safe; 1% risk of failure)
Press: ? - help, Shift-Dir - straight line, f - orc
Aim: an orc, wielding a +0 club (83% to hit)
The blast of sand hits the orc!!
You kill the orc!
An orc priest comes into view. It is wielding a +0 flail.
Casting: Sandblast (safe; 1% risk of failure)
Confirm with . or Enter, or press ? or * to list all spells.
You can't see any susceptible monsters within range! (Use Z to cast anyway.)
An orc priest comes into view. It is wielding a +0 short sword.
Casting: Sandblast (safe; 1% risk of failure)
Confirm with . or Enter, or press ? or * to list all spells.
The spell is extremely dangerous to miscast (17% risk of failure)!
Continue anyway?
Aiming: Stone Arrow (extremely dangerous; 17% risk of failure)
Press: ? - help, Shift-Dir - straight line, f - orc priest
Aim: an orc priest, wielding a +0 flail (68% to hit)
The stone arrow hits the orc priest!
The orc priest is severely wounded.
The orc priest invokes the aid of Beogh against you.
Beogh smites you!
An orc comes into view. It is wielding a +0 mace.
As you read the scroll of teleportation, it crumbles to dust.
You feel strangely unstable.
The orc priest invokes the aid of Beogh against you.
Beogh smites you!
* * * LOW HITPOINT WARNING * * *
The orc priest invokes the aid of Beogh against you.
Beogh smites you!
You die... . oo.

.##..############
....o.o)o...@...#
.....#########..#
####.# #..# #.# #..#
#.#########..#
#######............##
.........#########..#
########...#########.#
........###.<....###.#


You could see 2 orc priests.

Vanquished Creatures
  4 adders (D:2)
  A worm (D:2)
  A dart slug (D:2)
  2 orcs (D:3)
  8 bats
  4 endoplasms
  5 goblins
  3 hobgoblins (D:1)
  5 kobolds (D:1)
  2 quokkas (D:1)
  3 ball pythons
  2 frilled lizards (D:1)
  6 rats
46 creatures vanquished.

Vanquished Creatures (others)
  9 toadstools (D:3)
9 creatures vanquished.

Grand Total: 55 creatures vanquished

Notes
Turn   | Place    | Note
-------+----------+-------------------------------------------
     0 | D:1      | Radix the Gargoyle Earth Elementalist began the quest for
                  | the Orb.
     0 | D:1      | Reached XP level 1. HP: 10/10 MP: 3/3
   109 | D:1      | Reached skill level 4 in Earth Magic
   109 | D:1      | Reached XP level 2. HP: 15/15 MP: 1/5
   386 | D:1      | Reached XP level 3. HP: 5/19 MP: 4/6
   817 | D:1      | You fall into a shaft and drop 1 floor!
   818 | D:2      | Found a faded altar of an unknown god.
   912 | D:2      | Found Tosto's Assorted Antiques.
   929 | D:2      | Learned a level 3 spell: Stone Arrow
   939 | D:2      | Reached XP level 4. HP: 24/24 MP: 6/8
  1279 | D:2      | Reached skill level 5 in Earth Magic
  1391 | D:2      | Found Myijesid's Magic Scroll Boutique.
  1400 | D:2      | Bought a scroll of identify for 20 gold pieces
  1400 | D:2      | Bought a scroll of teleportation for 30 gold pieces
  1463 | D:2      | Found Jopnauch's Weapon Boutique.
  1484 | D:2      | Found Uklamic's Antique Armour Shop.
  2175 | D:3      | Killed from afar by an orc priest

Illustrated notes

Levels and vault maps discovered:
D:1:      ebering_trefoil_3fold, layout_rooms, minmay_tetromino_l4
D:2:      layout_loops_ring, serial_shops, shop,
          nicolae_shop_temple_entry_statues_fountains, nicolae_shop_stone,
          shop_statue, hellmonk_ecumenical_altar_blasted, minmay_split_cup_large
D:3:      cheibrodos_fertilizer, layout_loops_ring,
          nicolae_ashenzari_panopticon, cheibrodos_gnoll_hut

Skill      XL: |  1  2  3  4 |
---------------+-------------+-----
Earth Magic    | 4 5 |  5.1
Spellcasting   | 3 |  3.3
Dodging        | |  1.5
Stealth        | |  2.1
Transmutations | |  0.7

Action                   |  1- 3 |  4- 6 || total
-------------------------+-------+-------++-------
Melee: Dagger            |    29 |     9 ||    38
 Cast: Sandblast         |    31 |     8 ||    39
       Stone Arrow       |       |     2 ||     2
  Use: Scroll            |       |     2 ||     2
 Stab: Sleeping          |     1 |     1 ||     2
Armor: Robe              |    18 |     1 ||    19
Dodge: Dodged            |    21 |     6 ||    27
